 Dungeon Crawl Stone Soup version 0.18.1-2-ga659475 (webtiles) character file.

90 juanjsm the Stinger (level 4, -4/21 HPs)
             Began as a Spriggan Venom Mage on May 8, 2016.
             Slain by an adder (5 damage)
             ... on level 3 of the Dungeon.
             The game lasted 00:11:31 (2789 turns).

juanjsm the Stinger (Spriggan Venom Mage)           Turns: 2789, Time: 00:11:31

Health: -4/21      AC:  2    Str:  4    XL:     4   Next: 32%
Magic:  10/10      EV: 19    Int: 17    God:
Gold:   96         SH:  0    Dex: 16    Spells: 4 memorised, 0 levels left

rFire  . . .     SeeInvis +     m - +0 dagger
rCold  . . .     Gourm    .     a - +0 robe
rNeg   . . .     Faith    .     (shield restricted)
rPois  .         Spirit   .     (helmet restricted)
rElec  .         Dismiss  .     (no cloak)
rCorr  .         Reflect  .     (gloves unavailable)
SustAt .         Harm     .     (boots unavailable)
MR     .....                    e - amulet of inaccuracy (curse)
Stlth  +++.......               (no ring)
                                (no ring)

@: flying, very slightly contaminated, very quick, not resistant to hostile
enchantments, fairly stealthy
A: unfitting armour, see invisible, herbivore 3, speed 3, slow metabolism 2
a: no special abilities


You were on level 3 of the Dungeon.
You were not hungry.

You visited 1 branch of the dungeon, and saw 3 of its levels.

You collected 96 gold pieces.

Inventory:

Hand Weapons
 i - a +0 hunting sling
 m - a +0 dagger (weapon)
Missiles
 j - 34 stones (quivered)
Armour
 a - a +0 robe (worn)
Jewellery
 e - a cursed amulet of inaccuracy (around neck)
 n - an uncursed ring of sustain attributes {unknown}
Scrolls
 d - 3 scrolls of remove curse {unknown}
 g - a scroll of amnesia {unknown}
Potions
 h - 2 potions of flight
 k - a potion of heal wounds {unknown}
 l - a potion of curing {unknown}
Books
 b - a Young Poisoner's Handbook

   Spells                             Type                      Level
   a - Sting                          Conjuration/Poison           1
   b - Cure Poison                    Poison                       2
   c - Mephitic Cloud                 Conjuration/Poison/Air       3
   d - Olgreb's Toxic Radiance        Poison                       4
   e - Venom Bolt                     Conjuration/Poison           5
Comestibles
 c - 3 bread rations


   Skills:
 + Level 0.1 Fighting
 + Level 3.8 Dodging
 + Level 3.4 Stealth
 + Level 3.9 Spellcasting
 + Level 0.5 Conjurations
 + Level 4.6 Poison Magic


You couldn't memorise any spells.
You knew the following spells:

 Your Spells              Type           Power        Failure   Level  Hunger
a - Sting                 Conj/Pois      ##..         6%          1    None
b - Cure Poison           Pois           ###.......   3%          2    ##.....
c - Mephitic Cloud        Conj/Pois/Air  #.......     24%         3    ###....
d - Olgreb's Toxic Radia  Pois           ###.....     24%         4    ####...


Dungeon Overview and Level Annotations

Branches:
Dungeon (3/15)

Altars:
Cheibriados
Okawaru

Annotations:
D:3 Natasha


Innate Abilities, Weirdness & Mutations

You are tiny and cannot use many weapons and most armour.
You have supernaturally acute eyesight.
You are a herbivore.
You cover ground extremely quickly.
You need consume almost no food.


Message History

The adder bites you. The adder completely misses you.
The giant frog misses you.
Casting: Sting
Confirm with . or Enter, or press ? or * to list all spells.
Aiming: Sting
Press: ? - help, Shift-Dir - straight line, f/p - adder
Aim: an adder The sting hits the adder.
The adder is poisoned.
The adder is lightly wounded.
The giant frog hits you!
* * * LOW HITPOINT WARNING * * *
The adder closely misses you.
Drink which item? (? for menu, Esc to quit)
It was a potion of flight.
You feel very buoyant.
You fly up into the air.
The giant frog misses you. The adder misses you.
The giant frog hits you but does no damage.
Drink which item? (? for menu, Esc to quit)
It was a potion of magic.
Magic courses through your body. The adder bites you.
You die...

#### ..#
#S###############
#@#..........)..#
#F#...F......##.#
#....#######.##.#
#####
####.#.......##F##
....###
#.#.#..........
.......
###.#F#..########
.....# ..<#.#..#
.....# ####.#.##F#
.....# ..
.........>#


You could see a giant frog and an adder.

Vanquished Creatures
  3 adders
  An ooze (D:3)
  A worm (D:2)
  2 dart slugs
  A giant gecko (D:1)
  An orc (D:3)
  A ball python (D:2)
  5 bats
  5 giant cockroaches
  3 goblins
  9 hobgoblins
  3 jackals (D:2)
  3 kobolds
  2 quokkas (D:3)
  3 giant newts
  2 rats
45 creatures vanquished.

Notes
Turn   | Place    | Note
--------------------------------------------------------------
     0 | D:1      | juanjsm the Spriggan Venom Mage began the quest for the Orb.
     0 | D:1      | Reached XP level 1. HP: 9/9 MP: 5/5
   414 | D:1      | Reached XP level 2. HP: 13/13 MP: 1/6
   418 | D:1      | Learned a level 2 spell: Cure Poison
  1368 | D:2      | Reached XP level 3. HP: 5/16 MP: 2/8
  1373 | D:2      | Learned a level 3 spell: Mephitic Cloud
  2402 | D:3      | Reached XP level 4. HP: 17/21 MP: 1/10
  2408 | D:3      | Learned a level 4 spell: Olgreb's Toxic Radiance
  2694 | D:3      | Noticed Natasha
  2719 | D:3      | Found an iron altar of Okawaru.
  2723 | D:3      | Found a snail-covered altar of Cheibriados.
  2753 | D:3      | Noticed a giant frog
  2787 | D:3      | HP: 1/21 [giant frog (8)]
  2789 | D:3      | Slain by an adder

Skill      XL: |  1  2 |
---------------+-------+-----
Spellcasting   | 3 |  3.9
Fighting       | |  0.1
Dodging        | |  3.8
Stealth        | |  3.4
Conjurations   | |  0.5
Poison Magic   | |  4.6

Action                   |  1- 3 |  4- 6 || total
-------------------------+-------+-------++-------
Melee: Unarmed           |    57 |    17 ||    74
       Dagger            |       |     7 ||     7
 Cast: Sting             |    99 |    30 ||   129
       Cure Poison       |     1 |       ||     1
       Mephitic Cloud    |     1 |       ||     1
  Use: Potion            |       |     2 ||     2
 Stab: Sleeping          |     1 |     1 ||     2
       Confused          |     2 |       ||     2
Armor: Robe              |     7 |    14 ||    21
Dodge: Dodged            |    74 |    51 ||   125
